 Dungeon Crawl Stone Soup version 0.18-b1-22-ge198996 (webtiles) character file.

125 oplop the Sneak (level 5, -1/24 HPs)
             Began as a Vine Stalker Enchanter on May 4, 2016.
             Slain by no0bjke's ghost (12 damage)
             ... on level 3 of the Dungeon.
             The game lasted 00:04:05 (1877 turns).

oplop the Sneak (Vine Stalker Enchanter)            Turns: 1877, Time: 00:04:06

Health: -1/24      AC:  3    Str: 11    XL:     5   Next: 9%
Magic:  0/10       EV: 13    Int: 15    God:
Gold:   165        SH:  0    Dex: 15    Spells: 4 memorised, 0 levels left

rFire  . . .     SeeInvis .     a - +1 dagger
rCold  . . .     Gourm    .     b - +1 robe
rNeg   . . .     Faith    .     (no shield)
rPois  .         Spirit   +     (no helmet)
rElec  .         Dismiss  .     (no cloak)
rCorr  .         Reflect  .     (no gloves)
SustAt .         Harm     .     (no boots)
MR     .....                    (no amulet)
Stlth  +++.......               (no ring)
                                (no ring)

@: not resistant to hostile enchantments, fairly stealthy
A: fangs 2, regeneration 1, magic shield, antimagic bite, no device heal 3, rot
immunity
a: no special abilities


You were on level 3 of the Dungeon.
You were hungry.

You visited 1 branch of the dungeon, and saw 3 of its levels.

You collected 165 gold pieces.

Inventory:

Hand Weapons
 a - a +1 dagger (weapon)
 m - a +0 short sword of venom
Armour
 b - a +1 robe (worn)
Wands
 p - a wand of acid (8/15)
Scrolls
 e - 3 scrolls of remove curse {unknown}
 f - a scroll of amnesia {unknown}
 k - 2 scrolls of teleportation {unknown}
 l - 3 scrolls of immolation {unknown}
 n - 4 scrolls of identify {unknown}
 q - a scroll of fog {unknown}
 r - a scroll of recharging {unknown}
 v - a scroll of blinking {unknown}
Potions
 h - 4 potions of heal wounds {unknown}
 i - 2 potions of invisibility {unknown}
 j - a potion of ambrosia {unknown}
 o - a potion of might {unknown}
 s - a potion of curing {unknown}
Books
 c - a book of Maledictions

   Spells                             Type                      Level
   a - Corona                         Hexes                        1
   b - Ensorcelled Hibernation        Hexes/Ice                    2
   c - Confuse                        Hexes                        3
   d - Tukima's Dance                 Hexes                        3
   e - Dazzling Spray                 Conjuration/Hexes            3
Comestibles
 d - 4 bread rations
 g - a royal jelly
 t - a beef jerky
 u - 2 meat rations


   Skills:
 + Level 2.0 Short Blades
 + Level 2.4 Dodging
 + Level 4.7 Stealth
 + Level 2.7 Spellcasting
 + Level 3.6 Hexes


You couldn't memorise any spells.
You knew the following spells:

 Your Spells              Type           Power        Failure   Level  Hunger
a - Corona                Hex            ##.....      6%          1    #......
b - Ensorcelled Hibernat  Hex/Ice        #.....       17%         2    ##.....
c - Confuse               Hex            ##......     17%         3    ###....
d - Tukima's Dance        Hex            ##......     17%         3    ###....


Dungeon Overview and Level Annotations

Branches:
Dungeon (3/15)

Altars:

Annotations:
D:3 no0bjke's ghost, weakling MiFi


Innate Abilities, Weirdness & Mutations

You have extremely sharp teeth.
Your natural rate of healing is unusually fast.
When hurt, damage is shared between your health and your magic reserves.
Your bite disrupts and absorbs the magic of your enemies.
Potions and wands cannot restore your health.
You are immune to rotting.


Message History

No0bjke's ghost closely misses you.
You barely miss no0bjke's ghost.
You bite no0bjke's ghost, but do no damage.
No0bjke's ghost is lightly damaged.
You hit no0bjke's ghost but do no damage.
You bite no0bjke's ghost, but do no damage.
No0bjke's ghost is lightly damaged.
No0bjke's ghost hits you!!
Ouch! That really hurt!
You catch the helpless no0bjke's ghost completely off-guard!
You puncture no0bjke's ghost!
No0bjke's ghost is moderately damaged.
You hit no0bjke's ghost.
You bite no0bjke's ghost, but do no damage.
No0bjke's ghost is heavily damaged.
No0bjke's ghost seems less confused.
No0bjke's ghost shrieks, "Very impressive.
But it won't help.
Nothing will."
No0bjke's ghost hits you!
Ouch! That really hurt!
You die...

..###.#.#.#.......
...............###
#####.#.#.#..###
#.#.#.#..#
#.#......# #..
#.#.#.##.# ...
#........# #.
..####.#W####
........@.#
.########.# .# .#
.# .# .# .#


You could see no0bjke's ghost.

Vanquished Creatures
  2 adders (D:2)
  4 gnolls
  An ooze (D:2)
  A worm (D:3)
  3 dart slugs
  3 giant geckos (D:2)
  6 bats
  A giant cockroach (D:1)
  9 goblins
  5 hobgoblins
  4 jackals (D:2)
  4 giant newts (D:2)
  6 kobolds
  4 rats
53 creatures vanquished.

Notes
Turn   | Place    | Note
--------------------------------------------------------------
     0 | D:1      | oplop the Vine Stalker Enchanter began the quest for the Orb.
     0 | D:1      | Reached XP level 1. HP: 9/9 MP: 4/4
   103 | D:1      | Reached skill level 1 in Short Blades
   168 | D:1      | Reached XP level 2. HP: 13/13 MP: 6/6
   330 | D:1      | Reached skill level 4 in Stealth
   330 | D:1      | Reached XP level 3. HP: 16/16 MP: 7/7
   772 | D:1      | Learned a level 2 spell: Ensorcelled Hibernation
  1022 | D:2      | Reached XP level 4. HP: 19/21 MP: 8/8
  1069 | D:2      | Learned a level 3 spell: Confuse
  1524 | D:2      | Reached XP level 5. HP: 24/24 MP: 5/10
  1797 | D:3      | Learned a level 3 spell: Tukima's Dance
  1858 | D:3      | Noticed no0bjke's ghost (weakling MiFi)
  1877 | D:3      | Slain by no0bjke's ghost

Skill      XL: |  1  2  3  4 |
---------------+-------------+-----
Short Blades   | 1 2 |  2.0
Stealth        | 4 |  4.7
Dodging        | 2 |  2.4
Spellcasting   | |  2.7
Hexes          | |  3.6

Action                   |  1- 3 |  4- 6 || total
-------------------------+-------+-------++-------
Melee: Dagger            |    32 |    12 ||    44
       Bite              |    16 |    17 ||    33
       Short sword       |    42 |    54 ||    96
 Cast: Ensorcelled Hiber |     1 |     6 ||     7
       Confuse           |       |     1 ||     1
 Stab: Sleeping          |     7 |     6 ||    13
       Distracted        |       |     1 ||     1
       Confused          |       |     1 ||     1
  Eat: Chunk             |       |     3 ||     3
Armor: Robe              |    12 |    15 ||    27
Dodge: Dodged            |    49 |    44 ||    93
